 Dungeon Crawl Stone Soup version 0.17-a0-2171-ga91b4ec (webtiles) character file.

22558 Goblin1989 the Severer (level 12, 106/106 HPs)
             Began as a Deep Dwarf Necromancer on Oct 23, 2015.
             Was an Elder of Makhleb.
             Quit the game on level 5 of the Lair of Beasts on Oct 25, 2015.
             The game lasted 04:26:20 (13054 turns).

Goblin1989 the Severer (Deep Dwarf Necromancer)    Turns: 13054, Time: 04:26:21

Health: 106/106    AC: 12    Str: 11    XL:     12   Next: 64%
Magic:  16/16      EV: 13    Int: 22    God:    Makhleb [****..]
Gold:   831        SH:  0    Dex: 13    Spells: 4 memorised, 7 levels left

rFire  . . .     SeeInvis .     a - +5 war axe (freeze)
rCold  + + .     Clarity  +     u - +0 steam dragon armour
rNeg   . . .     SustAt   .     (no shield)
rPois  .         Gourm    .     k - +2 helmet {rC+}
rElec  .         Spirit   .     g - +0 cloak
rCorr  .         Warding  .     s - +0 pair of gloves
rMut   .         Stasis   .     (no boots)
MR     +....                    D - amulet of clarity
Stlth  ++........               p - ring of protection from cold
                                N - +3 ring of slaying

@: non-regenerating, somewhat resistant to hostile enchantments, unstealthy
A: damage resistance, recharge devices, sense surroundings 2, slow regeneration
3
a: Device Recharging, Minor Destruction, Lesser Servant of Makhleb, Major
Destruction, Renounce Religion


You were on level 5 of the Lair of Beasts.
You worshipped Makhleb.
Makhleb was greatly pleased with you.
You were very hungry.

You visited 3 branches of the dungeon, and saw 15 of its levels.
You also visited: Labyrinth, Sewer and Ice Cave.

You collected 904 gold pieces.
You spent 73 gold pieces at shops.

Inventory:

Hand Weapons
 a - a +5 war axe of freezing (weapon)
Missiles
 v - 36 poisoned needles
Armour
 g - a +0 cloak (worn)
 k - a +2 helmet of cold resistance (worn)
 n - a +0 robe of cold resistance
 s - a +0 pair of gloves (worn)
 u - a +0 steam dragon armour (worn)
Rods
 b - a -3 rod of the swarm (9/9)
   (You found it on level 7 of the Dungeon)
Jewellery
 p - a ring of protection from cold (right hand)
 r - an uncursed ring of see invisible
 D - an amulet of clarity (around neck)
 N - a +3 ring of slaying (left hand)
Wands
 c - a wand of heal wounds (0)
 Q - a wand of disintegration (5)
Scrolls
 i - a scroll of amnesia
 o - 8 scrolls of remove curse
 E - 2 scrolls of immolation
 P - a scroll of teleportation
 W - a scroll of enchant armour
Potions
 e - a potion of invisibility
 f - 3 potions of brilliance
 j - a potion of ambrosia
 m - a potion of poison {unknown}
 q - a potion of resistance
 t - 4 potions of flight
 w - a potion of magic
 z - 8 potions of curing
 A - 2 potions of heal wounds
 L - 2 potions of lignification
Books
 K - a Necronomicon

   Spells                             Type                      Level
   a - Haunt                          Necromancy/Summoning         7
   b - Borgnjor's Revivification      Necromancy                   8
   c - Death's Door                   Charms/Necromancy            8
   d - Necromutation                  Transmutation/Necromancy     8
 R - a book of Death

   Spells                             Type                      Level
   a - Corpse Rot                     Necromancy                   2
   b - Sublimation of Blood           Necromancy                   2
   c - Agony                          Necromancy                   5
   d - Dispel Undead                  Necromancy                   5
   e - Excruciating Wounds            Charms/Necromancy            5
   f - Bolt of Draining               Conjuration/Necromancy       5
Comestibles
 d - 4 bread rations
 h - 5 meat rations
 X - 16 fruits


   Skills:
 - Level 6.3 Fighting
   Level 0.5 Short Blades
 * Level 15.4 Axes
 - Level 1.9(9.7) Maces & Flails
 - Level 7.0 Armour
 - Level 4.0 Dodging
 - Level 2.4 Stealth
 - Level 2.1 Spellcasting
 - Level 5.9 Necromancy
 + Level 10.6 Invocations
 - Level 9.1 Evocations


You had 7 spell levels left.
You knew the following spells:

 Your Spells              Type           Power        Failure   Level  Hunger
a - Pain                  Necr           ####         1%          1    #......
b - Animate Skeleton      Necr           N/A          1%          1    #......
c - Vampiric Draining     Necr           ####......   4%          3    ###....
d - Stone Arrow           Conj/Erth      #.....       38%         3    ###....


Dungeon Overview and Level Annotations

Branches:
Dungeon (9/15)             Temple (1/1) D:6            Lair (5/8) D:8
 Spider (0/4) Lair:3
  Swamp: Lair:3-6    Shoals: Lair:3-6       Orc: D:9-12

Altars:
Cheibriados
Dithmenos
Elyvilon
Fedhas
Gozag
Kikubaaqudgha
Makhleb
Nemelex Xobeh
Okawaru
Qazlal
Sif Muna
Trog
Yredelemnul
Zin

Shops:
D:7 %   D:9 (

Annotations:
D:6 Prince Ribbit
D:9 Gastronok
Lair:2 exclusions: plant and 4 more exclusions


Innate Abilities, Weirdness & Mutations

You are resistant to damage.
You can recharge devices by infusing magical energy.
You passively map the area around you.
You do not regenerate naturally.


Message History

There is a stone staircase leading up, spattered with blood here.
(D) Dungeon (T) Temple (L) Lair (N) Spider Nest
Where to? (Enter - Lair:3, ? - help)
There is an open gate here.
There is a stone staircase leading down here.
You climb downwards.
There is a stone staircase leading up here.
Fire/throw which item? (* to show all) (? for menu, Esc to quit)
Okay, then.
(D) Dungeon (T) Temple (L) Lair (N) Spider Nest
Where to? (Enter - Lair:4, ? - help)
There is a stone staircase leading down here.
You climb downwards.
Found a ring mail.
There is a stone staircase leading up here.
Save game and exit?
Welcome back, Goblin1989 the Deep Dwarf Necromancer.
Blood and souls for Makhleb!
Press ? for a list of commands and other information.
Are you sure you want to abandon this character and quit the game? (Confirm with "yes".)

* ...##..........#..
...#..............
,#.###.............
#.##..............
###..###............ #
#....##P............
#.#............^......
#....................
,#..@.[..............
#.###.#.PP...........
##.PP........... *
#....#....... *, ,
....#....... * ,,
........... * , ,
......... * ,,
.....:... *, ,, ,
........


There were no monsters in sight!

Vanquished Creatures
  A minotaur (Lab)
  A hydra (Lair:4)
  3 griffons
  6 elephants (Lair:4)
  A torpor snail (Lair:4)
  3 spiny frogs (Lair:1)
  2 fire drakes
  3 black mambas
  7 freezing wraiths (IceCv)
  A troll (D:9)
  A death yak simulacrum (IceCv)
  14 yaks
  4 basilisks
  A steam dragon (D:7)
  6 wolves
  4 water moccasins
  3 hippogriffs
  2 wargs (D:8)
  2 insubstantial wisps (D:7)
  4 porcupines
  Duvessa (D:6)
  4 sky beasts
  A necrophage (D:5)
  10 ice beasts
  A black bear (D:8)
  5 spiders (Lair:3)
  An alligator simulacrum (IceCv)
  3 centaurs
  3 orc warriors
  2 ogres
  6 crocodiles
  A big kobold (D:9)
  8 giant frogs
  A wyvern skeleton (D:8)
  Dowan (D:6)
  4 scorpions
  4 crimson imps
  6 orc priests
  3 draconian simulacra (IceCv)
  A jelly (D:4)
  3 hounds
  7 iguanas
  A centaur skeleton (D:8)
  2 orc wizards
  2 spriggan simulacra (IceCv)
  4 troll simulacra (IceCv)
  3 worker ants
  2 wolf simulacra (IceCv)
  3 sheep (Lair:4)
  A centaur simulacrum (IceCv)
  A hound skeleton (D:9)
  10 adders
  2 ogre simulacra (IceCv)
  37 river rats
  3 gnolls (D:6)
  4 naga simulacra (IceCv)
  A shadow imp (D:7)
  10 white imps (IceCv)
  3 oozes
  3 worms
  8 giant geckos
  25 orcs
  3 ball pythons (Sewer)
  7 bats
  10 giant cockroaches
  4 hobgoblins
  17 kobolds
  5 giant newts
  9 goblins
  5 quokkas
  A quokka zombie (D:9)
  11 rats
  2 fungi (Lair:3)
344 creatures vanquished.

Vanquished Creatures (collateral kills)
  The ghost of Skaffen the Martial Artist, a journeyman DsMo of Makhleb (IceCv)
  A hydra (Lair:2)
  A necromancer (IceCv)
  3 elephants (Lair:4)
  A spiny frog (Lair:3)
  3 freezing wraiths (IceCv)
  Sigmund (D:6)
  3 yaks
  A wolf (Lair:1)
  7 ice beasts
  3 spiders (Lair:3)
  A giant frog (Lair:3)
  A scorpion (D:8)
  An electric eel (Lair:2)
  A draconian simulacrum (IceCv)
  A giant frog skeleton (D:8)
  2 hounds
  An orc wizard (D:8)
  5 sheep (Lair:4)
  A troll simulacrum (IceCv)
  A centaur simulacrum (IceCv)
  7 river rats
  2 white imps (IceCv)
  An ooze (D:3)
  An adder zombie (D:9)
  2 orcs
  A bat (Sewer)
  A giant cockroach (D:7)
  A hobgoblin (D:3)
  A kobold (Sewer)
  A butterfly (Lair:1)
  A plant (Lair:2)
59 creatures vanquished.

Vanquished Creatures (others)
  2 plants
2 creatures vanquished.

Grand Total: 405 creatures vanquished

Notes
Turn   | Place    | Note
--------------------------------------------------------------
     0 | D:1      | Goblin1989 the Deep Dwarf Necromancer began the quest for the Orb.
     0 | D:1      | Reached XP level 1. HP: 15/15 MP: 3/3
   152 | D:1      | Learned a level 1 spell: Animate Skeleton
   179 | D:1      | Reached XP level 2. HP: 22/22 MP: 1/5
  1012 | D:2      | You fall through a shaft!
  1041 | D:3      | Reached skill level 5 in Necromancy
  1041 | D:3      | Reached XP level 3. HP: 27/30 MP: 0/6
  1058 | D:3      | Learned a level 3 spell: Vampiric Draining
  2107 | D:2      | Reached XP level 4. HP: 35/37 MP: 3/7
  2271 | D:3      | Reached skill level 1 in Fighting
  2481 | D:3      | Found a shadowy altar of Dithmenos.
  2829 | D:3      | Found a basalt altar of Yredelemnul.
  2833 | D:3      | Found a bloodstained altar of Trog.
  2839 | D:3      | Found an ancient bone altar of Kikubaaqudgha.
  3277 | D:4      | Reached skill level 1 in Maces & Flails
  3277 | D:4      | Reached XP level 5. HP: 34/44 MP: 1/8
  3421 | D:4      | Found a glowing drain.
  3565 | Sewer    | Entered a sewer
  3824 | Sewer    | Reached skill level 1 in Armour
  4368 | D:5      | Entered Level 5 of the Dungeon
  4595 | D:5      | Reached skill level 1 in Axes
  4595 | D:5      | Reached XP level 6. HP: 44/51 MP: 3/9
  4908 | D:5      | Noticed an ice beast
  4921 | D:5      | Killed an ice beast
  5226 | D:5      | Reached XP level 7. HP: 47/61 MP: 10/10
  5390 | D:6      | Found a blossoming altar of Fedhas.
  5395 | D:6      | Found an opulent altar of Gozag.
  5396 | D:6      | Found an iron altar of Okawaru.
  5434 | D:6      | Noticed Duvessa
  5436 | D:6      | Noticed Dowan
  5464 | D:6      | Killed Dowan
  5478 | D:6      | Killed Duvessa
  5478 | D:6      | Reached skill level 5 in Axes
  5527 | D:6      | Noticed Sigmund
  5539 | D:6      | Killed Sigmund
  5539 | D:6      | Reached XP level 8. HP: 42/70 MP: 4/11
  5686 | D:6      | Reached skill level 6 in Axes
  5752 | D:6      | Your ally Dowan died
  5823 | D:6      | You fall through a shaft for 3 floors!
  5845 | D:9      | Found Ocomoekh's Antique Weapon Shop.
  5853 | D:9      | Bought a runed war axe for 73 gold pieces
  5871 | D:9      | Noticed a troll
  5882 | D:9      | Killed a troll
  5882 | D:9      | Reached skill level 7 in Axes
  5882 | D:9      | Reached skill level 5 in Armour
  6180 | D:8      | Gained mutation: You passively map the area around you. [Deep Dwarf growth]
  6180 | D:8      | Reached XP level 9. HP: 65/80 MP: 5/12
  6228 | D:8      | Reached skill level 8 in Axes
  6245 | D:8      | Reached skill level 5 in Fighting
  6473 | D:6      | Noticed Prince Ribbit
  6705 | D:6      | Found a staircase to the Ecumenical Temple.
  6713 | Temple   | Entered the Ecumenical Temple
  6721 | Temple   | Became a worshipper of Makhleb the Destroyer
  6864 | D:7      | Found Monoo's Food Emporium.
  6919 | D:7      | Identified a -3 rod of the swarm (9/9) (You found it on level 7 of the Dungeon)
  6963 | D:7      | Reached skill level 9 in Axes
  7122 | D:7      | Reached * piety under Makhleb
  7530 | D:8      | Found a staircase to the Lair.
  7541 | D:8      | Reached skill level 10 in Axes
  7824 | D:8      | Found a blossoming altar of Fedhas.
  7926 | D:9      | Reached XP level 10. HP: 78/91 MP: 13/13
  8259 | D:9      | Reached ** piety under Makhleb
  8282 | D:9      | Noticed Gastronok
  8381 | D:8      | Reached skill level 1 in Invocations
  8388 | Lair:1   | Entered Level 1 of the Lair of Beasts
  8581 | Lair:1   | Reached skill level 1 in Evocations
  8942 | Lair:1   | Reached skill level 11 in Axes
  8953 | Lair:1   | Reached *** piety under Makhleb
  8994 | Lair:1   | Reached skill level 5 in Invocations
  9175 | Lair:1   | Noticed a griffon
  9207 | Lair:1   | Killed a griffon
  9368 | Lair:1   | Learned a level 3 spell: Stone Arrow
  9421 | Lair:2   | Noticed a six-headed hydra
  9526 | Lair:2   | Noticed a griffon
  9535 | Lair:2   | Killed a griffon
  9535 | Lair:2   | Reached skill level 5 in Evocations
  9586 | Lair:2   | Killed a six-headed hydra
  9586 | Lair:2   | Reached XP level 11. HP: 38/98 MP: 15/15
  9757 | Lair:2   | Reached skill level 12 in Axes
 10404 | Lair:2   | Reached **** piety under Makhleb
 10593 | Lair:3   | Reached skill level 13 in Axes
 10635 | Lair:3   | Found a hole to the Spider Nest.
 11043 | Lair:4   | Reached ***** piety under Makhleb
 11067 | Lair:4   | Found a frozen archway.
 11160 | IceCv    | Entered an ice cave
 11357 | IceCv    | Reached XP level 12. HP: 93/106 MP: 18/18
 11368 | IceCv    | Noticed Skaffen's ghost (journeyman DsMo)
 11395 | IceCv    | Killed Skaffen's ghost
 11414 | IceCv    | Reached skill level 14 in Axes
 11451 | IceCv    | Upgraded the game from 0.17-a0-2127-g1cb09f6 to 0.17-a0-2147-gfb20a63
 11503 | IceCv    | Noticed an ice statue
 11563 | IceCv    | Noticed a necromancer
 11576 | IceCv    | Killed a necromancer
 11702 | IceCv    | Found an ancient bone altar of Kikubaaqudgha.
 12151 | Lair:4   | Reached skill level 10 in Invocations
 12155 | Lair:4   | Reached skill level 15 in Axes
 12221 | Lair:4   | Noticed an eight-headed hydra
 12240 | Lair:4   | Killed an eight-headed hydra
 12549 | Lair:5   | Found a labyrinth entrance.
 12562 | Lab      | Entered a labyrinth
 12666 | Lab      | Noticed a minotaur
 12694 | Lab      | Killed a minotaur
 13054 | Lair:5   | Upgraded the game from 0.17-a0-2147-gfb20a63 to 0.17-a0-2171-ga91b4ec
 13054 | Lair:5   | Quit the game

Vault maps used:
D:1:      dpeg_arrival_chambers_temple_mockup
D:3:      lemuel_doored_altar, minitemple, first_bread, nrook_mini_backslash,
          kennysheep_generic_room_5
D:4:      gup_sewer_entry_glass
D:6:      grunt_temple_overflow_open, minmay_temple_entry_fiery,
          uniq_prince_ribbit1, uniq_sigmund, uniq_duvessa
D:7:      serial_shops, shop, serial_park_tiny_pond, hangedman_misty_isle
D:8:      erik_lair_orcish_takeover, minmay_misc_feat_room,
          hangedman_tree_tricks
D:9:      serial_shops, nicolae_shop_trees, uniq_gastronok
Temple:   circular_temple_12
Lair:1:   lemuel_fruit_fields, grunt_megastairs_1
Lair:2:   serial_bayou_shore_a
Lair:3:   spider_nest_entry_a, bh_autumn_forest_stairs, grunt_megastairs_2
Lair:4:   beast_lair_carwin_large_3, portal_ice_cave_entry_ice_beasts,
          cheibrodos_lair_caveside_slide
Lair:5:   lab_entry_generic, basic_altar, infiniplex_staircase_pool,
          lemuel_fruit_tree
Lab:      labyrinth_watery, nicolae_lab_dead_end, nicolae_lab_plus, lab_statue,
          nicolae_lab_blocks, nicolae_lab_grate, nicolae_lab_do_over,
          nicolae_lab_big_swirl, lab_block, labyrinth_skeletal_remains,
          nicolae_lab_x
Sewer:    kennysheep_pipe_town
IceCv:    ice_cave_small_necro

Action                   |  1- 3 |  4- 6 |  7- 9 | 10-12 || total
-------------------------+-------+-------+-------+-------++-------
Melee: Dagger            |    32 |    24 |       |       ||    56
       Mace              |       |     1 |       |       ||     1
       Hand axe          |       |   103 |   451 |    83 ||   637
       Short sword       |       |    13 |       |       ||    13
       War axe           |       |       |     7 |   512 ||   519
Throw: Stone             |       |     7 |       |       ||     7
 Cast: Pain              |    55 |    53 |     6 |     7 ||   121
       Animate Skeleton  |    10 |    23 |    25 |    52 ||   110
       Vampiric Draining |     6 |    14 |     9 |     2 ||    31
Invok: Lesser Servant of |       |       |       |    21 ||    21
 Abil: Device Recharging |       |       |       |     3 ||     3
Evoke: Wand              |       |       |    14 |    29 ||    43
       Rod               |       |       |       |     5 ||     5
  Use: Scroll            |       |     8 |     4 |    17 ||    29
       Potion            |       |       |     3 |    10 ||    13
 Stab: Sleeping          |     1 |     4 |     2 |     9 ||    16
       Distracted        |       |       |     1 |     8 ||     9
       Confused          |       |       |       |     5 ||     5
  Eat: Chunk             |     5 |     9 |     9 |    16 ||    39
       Bread ration      |       |     1 |       |       ||     1
       Meat ration       |       |     1 |       |       ||     1
       Beef jerky        |       |       |     3 |       ||     3
       Fruit             |       |       |       |     6 ||     6
